Bruins vs Flames

Created - Monday, February 16, 2015 at 23:24

Goals
1 2 3 OT1 SO T
Bruins 1 0 1 0 1 2
Flames 0 1 1 0 2 3
Shots
1 2 3 OT1 SO T
Bruins 5 11 10 1 7 27
Flames 5 13 14 4 7 36

1st period

1. Bruins , Shea Weber 32 (Ryan O'Reilly) at 5:01

Penalties :
Scottie Upshall (Cal) for Interference (Minor) at 19:29

2nd period

2. Flames , Nick Spaling 8 (Justin Faulk) at 1:26 (SH)

Penalties :
Brenden Dillon (Bos) for Slashing (Minor) at 6:26, Marian Hossa (Bos) for Holding (Minor) at 12:39, Barret Jackman (Cal) for Charging (Minor) at 18:28

3rd period

3. Flames , TJ Brodie 7 (Matt Read, Michael Frolik) at 16:42 (PP)
4. Bruins , Marian Hossa 21 (Jeff Petry, Shea Weber) at 17:14

Penalties :
Shea Weber (Bos) for Hooking (Minor) at 16:21

Overtime #1

No Goal

Penalties :
No Penalty

Shootout

Penalty Shot by T.J. Oshie for Bruins - Stopped by Mike Smith
Penalty Shot by Matt Read for Flames - Stopped by Jonathan Quick
Penalty Shot by Ryan O'Reilly for Bruins - Shot Misses the Net
Penalty Shot by Jason Pominville for Flames - Shot Misses the Net
Penalty Shot by Anze Kopitar for Bruins - Stopped by Mike Smith
Penalty Shot by Jason Spezza for Flames - Stopped by Jonathan Quick
Penalty Shot by Matt Duchene for Bruins - Goal!
Penalty Shot by Joe Colborne for Flames - Goal!
Penalty Shot by Valeri Nichushkin for Bruins - Stopped by Mike Smith
Penalty Shot by Scottie Upshall for Flames - Shot Misses the Net
Penalty Shot by Ryan Smyth for Bruins - Stopped by Mike Smith
Penalty Shot by Barret Jackman for Flames - Shot Misses the Net
Penalty Shot by Jesse Winchester for Bruins - Shot Misses the Net
Penalty Shot by Jacob Trouba for Flames - Goal!

Penalties :
No Penalty

Goalie Stats

Jonathan Quick (Bos), 34 saves from 36 shots - (0.944), OTL, 33-9-4, 65:00 minutes
Mike Smith (Cal), 25 saves from 27 shots - (0.926), W, 22-16-8, 65:00 minutes

Players Stats for Bruins

Player Name              G  A  P  +/- PIM S  H  SB GA TA FO     MP     PP MP  PK MP  
------------------------------------------------------------------------------------
Andre Benoit             0  0  0   0  0   1  0  0  0  0  0/0    11:09   0:00   0:00 
Anze Kopitar             0  0  0   1  0   1  1  0  1  1  7/17   22:19   2:22   0:00 
Brenden Dillon           0  0  0   0  2   0  2  1  0  2  0/0    19:39   0:00   1:00 
Jeff Petry               0  1  1   2  0   0  1  2  0  1  0/0    24:30   0:00   1:34 
Jesse Winchester         0  0  0   0  0   0  1  0  1  0  2/4     9:16   0:00   0:28 
Jonas Brodin             0  0  0   0  0   2  1  1  0  1  0/0    21:24   0:00   2:45 
Marian Hossa             1  0  1   0  2   3  3  1  1  0  0/1    21:13   1:36   0:00 
Matt Duchene             0  0  0   1  0   1  1  0  4  1  1/1    20:40   2:22   0:00 
Nick Holden              0  0  0  -1  0   0  0  3  0  0  0/0     7:35   3:56   0:00 
Paul Stastny             0  0  0   0  0   1  3  0  1  1  5/13   19:51   1:36   1:24 
Radko Gudas              0  0  0   0  0   3  4  0  0  2  0/0    18:22   0:00   3:19 
Ryan O'Reilly            0  1  1   1  0   2  1  0  5  1  0/2    19:16   2:22   0:27 
Ryan Smyth               0  0  0   0  0   2  1  0  0  0  0/0    12:16   0:00   0:28 
Shea Weber               1  1  2   1  2   2  3  2  3  2  0/0    26:58   3:58   0:00 
T.J. Oshie               0  0  0   0  0   3  1  0  3  0  0/0    17:16   1:36   0:00 
Tommy Wingels            0  0  0   0  0   1  0  0  0  0  0/0    19:49   0:00   2:00 
Valeri Nichushkin        0  0  0   0  0   4  0  0  2  0  0/1    10:37   0:02   0:27 
Zemgus Girgensons        0  0  0   0  0   1  1  0  0  0  1/10   13:28   0:00   3:24 

Players Stats for Flames

Player Name              G  A  P  +/- PIM S  H  SB GA TA FO     MP     PP MP  PK MP  
------------------------------------------------------------------------------------
Aleksander Barkov        0  0  0   0  0   0  0  1  4  0  4/6    10:54   0:00   0:00 
Barret Jackman           0  0  0   0  2   1  0  2  0  2  0/0    16:15   0:00   0:53 
Brian Campbell           0  0  0  -2  0   5  0  0  0  1  0/0    25:24   2:18   0:00 
Chris Phillips           0  0  0   1  0   0  2  3  0  0  0/0    20:18   0:00   2:32 
Jacob Trouba             0  0  0  -1  0   5  1  3  1  3  0/0    22:38   2:01   1:26 
Jason Pominville         0  0  0   0  0   0  0  1  2  0  0/0    19:01   2:00   0:00 
Jason Spezza             0  0  0   0  0   2  1  2  2  1  10/15  18:55   2:00   0:00 
Joe Colborne             0  0  0   0  0   0  0  1  2  1  0/0    10:54   0:00   0:00 
Jordan Staal             0  0  0   0  0   1  2  0  0  0  8/11   17:49   2:19   0:00 
Justin Faulk             0  1  1   0  0   1  2  3  1  0  0/0    24:59   2:18   2:32 
Manny Malhotra           0  0  0   1  0   1  0  1  0  1  2/3    13:17   0:00   2:00 
Matt Cooke               0  0  0  -2  0   0  0  0  0  1  0/0    14:59   0:00   1:58 
Matt Read                0  1  1   0  0   5  1  1  10 0  0/0    17:43   2:19   0:00 
Michael Frolik           0  1  1   0  0   4  1  0  3  0  1/1    15:16   2:19   0:00 
Mikael Backlund          0  0  0  -2  0   3  1  1  1  0  6/10   14:59   0:00   1:58 
Nick Spaling             1  0  1  -1  0   4  0  1  0  0  0/0    15:01   0:00   2:00 
Scottie Upshall          0  0  0   0  2   1  3  0  1  0  2/3    16:50   2:00   0:00 
TJ Brodie                1  0  1   0  0   3  0  3  0  0  0/0    20:48   2:01   0:33 

3 Stars

1 - Shea Weber (Bos)
2 - Jonathan Quick (Bos)
3 - Jeff Petry (Bos)

Power Play

Bruins - 0 on 2 Attempt(s) - 0.00%
Flames - 1 on 3 Attempt(s) - 33.33%

Penalty Kill

Bruins - 2 on 3 Attempt(s) - 66.67% - Score 0 goal in Penalty Kill
Flames - 2 on 2 Attempt(s) - 100.00% - Score 1 goal in Penalty Kill

Team Stat

Bruins - Hits : 24 - Faceoff Wins : 16 - Blocked Shots : 10 - Penalty Minutes : 6
Flames - Hits : 14 - Faceoff Wins : 33 - Blocked Shots : 23 - Penalty Minutes : 4

Official

Referees : Unknown
Linesman : Unknown

Game Notes

No Game Note

Finance

Level 1 -- Attendance: 4285 (71.42%) -- Ticket Income $428,500
Level 2 -- Attendance: 3802 (76.04%) -- Ticket Income $228,120
Level 3 -- Attendance: 1524 (76.20%) -- Ticket Income $53,340
Level 4 -- Attendance: 2970 (74.25%) -- Ticket Income $59,400
Luxury Box -- Attendance: 740 (74.00%) -- Ticket Income $148,000
Game was played at the Pengrowth Saddledome'
Total Attendance: 13321 (74.01%)
Total Ticket Income: $917,360
Other Income: $449,506
Total Income: $1,366,866

Bruins

5 vs 5 Forward 
   Center                   Left Wing                Right Wing               Time % Phy DF OF 
 1 Anze Kopitar             Matt Duchene             Marian Hossa             40     1   2  2  
 2 Paul Stastny             Ryan O'Reilly            T.J. Oshie               30     1   2  2  
 3 Zemgus Girgensons        Ryan Smyth               Tommy Wingels            20     1   2  2  
 4 Jesse Winchester         Valeri Nichushkin        Tommy Wingels            10     2   2  1  

5 vs 5 Defense 
   Defense                  Defense                                           Time % Phy DF OF 
 1 Shea Weber               Jeff Petry                                        40     1   2  2  
 2 Brenden Dillon           Jonas Brodin                                      35     1   2  2  
 3 Radko Gudas              Andre Benoit                                      20     1   2  2  
 4 Radko Gudas              Nick Holden                                       5      1   2  2  

PowerPlay Forward 
   Center                   Left Wing                Right Wing               Time % Phy DF OF 
 1 Anze Kopitar             Matt Duchene             Ryan O'Reilly            60     1   0  4  
 2 Paul Stastny             T.J. Oshie               Marian Hossa             40     1   0  4  

PowerPlay Defense
   Defense                  Defense                                           Time % Phy DF OF 
 1 Shea Weber               Nick Holden                                       60     1   1  3  
 2 Shea Weber               Matt Duchene                                      40     1   1  3  

Penalty Kill 4 Players Forward 
   Center                   Wing                     Time % Phy DF OF 
 1 Zemgus Girgensons        Tommy Wingels            60     1   3  1  
 2 Jesse Winchester         Ryan Smyth               40     1   3  1  

Penalty Kill 4 Players Defense
   Defense                  Defense                  Time % Phy DF OF 
 1 Brenden Dillon           Jonas Brodin             50     1   3  1  
 2 Jeff Petry               Radko Gudas              50     1   3  1  

Penalty Kill - 3 Players Forward 
   Forward                                           Time % Phy DF OF 
 1 Zemgus Girgensons                                 60     1   4  0  
 2 Jesse Winchester                                  40     1   4  0  

Penalty Kill - 3 Players Defense
   Defense                  Defense                  Time % Phy DF OF 
 1 Jonas Brodin             Brenden Dillon           55     1   4  0  
 2 Jeff Petry               Radko Gudas              45     1   4  0  

4 vs 4 Forward 
   Center                   Wing                     Time % Phy DF OF 
 1 Anze Kopitar             Marian Hossa             60     1   1  3  
 2 Paul Stastny             Matt Duchene             40     1   2  2  

4 vs 4 Defense
   Defense                  Defense                  Time % Phy DF OF 
 1 Shea Weber               Jeff Petry               60     1   2  2  
 2 Brenden Dillon           Jonas Brodin             40     1   2  2  

Last Minutes Offensive
   Center                   Left Wing                Right Wing               Defense                  Defense                  
   Anze Kopitar             Matt Duchene             Marian Hossa             Shea Weber               Nick Holden              

Last Minutes Defensive
   Center                   Left Wing                Right Wing               Defense                  Defense                  
   Anze Kopitar             Ryan O'Reilly            Marian Hossa             Shea Weber               Jeff Petry               

Goaltenders
Starting : Jonathan Quick           
Backup : Peter Budaj              

Extra Forwards
Normal : Valeri Nichushkin, Tommy Wingels, Ryan Smyth - PP : Valeri Nichushkin, Tommy Wingels - PK : Paul Stastny
Extra Defensemen
Normal : Brenden Dillon, Radko Gudas, Shea Weber - PP : Radko Gudas - PK : Radko Gudas, Shea Weber
Penalty Shots
T.J. Oshie, Ryan O'Reilly, Anze Kopitar, Matt Duchene, Valeri Nichushkin

Flames

5 vs 5 Forward 
   Center                   Left Wing                Right Wing               Time % Phy DF OF 
 1 Jason Spezza             Scottie Upshall          Jason Pominville         30     1   2  2  
 2 Jordan Staal             Michael Frolik           Matt Read                25     1   2  2  
 3 Mikael Backlund          Nick Spaling             Matt Cooke               25     1   2  2  
 4 Aleksander Barkov        Manny Malhotra           Joe Colborne             20     1   2  2  

5 vs 5 Defense 
   Defense                  Defense                                           Time % Phy DF OF 
 1 Brian Campbell           Justin Faulk                                      36     1   2  2  
 2 TJ Brodie                Jacob Trouba                                      30     1   2  2  
 3 Barret Jackman           Chris Phillips                                    26     1   2  2  
 4 Brian Campbell           Jacob Trouba                                      8      1   2  2  

PowerPlay Forward 
   Center                   Left Wing                Right Wing               Time % Phy DF OF 
 1 Jason Spezza             Scottie Upshall          Jason Pominville         50     0   0  5  
 2 Jordan Staal             Michael Frolik           Matt Read                50     0   0  5  

PowerPlay Defense
   Defense                  Defense                                           Time % Phy DF OF 
 1 Brian Campbell           Justin Faulk                                      50     0   0  5  
 2 TJ Brodie                Jacob Trouba                                      50     0   0  5  

Penalty Kill 4 Players Forward 
   Center                   Wing                     Time % Phy DF OF 
 1 Manny Malhotra           Nick Spaling             50     1   4  0  
 2 Mikael Backlund          Matt Cooke               50     1   4  0  

Penalty Kill 4 Players Defense
   Defense                  Defense                  Time % Phy DF OF 
 1 Chris Phillips           Justin Faulk             50     0   5  0  
 2 Barret Jackman           Jacob Trouba             50     1   4  0  

Penalty Kill - 3 Players Forward 
   Forward                                           Time % Phy DF OF 
 1 Manny Malhotra                                    50     0   5  0  
 2 Mikael Backlund                                   50     0   5  0  

Penalty Kill - 3 Players Defense
   Defense                  Defense                  Time % Phy DF OF 
 1 Chris Phillips           Justin Faulk             50     0   5  0  
 2 Barret Jackman           Jacob Trouba             50     0   5  0  

4 vs 4 Forward 
   Center                   Wing                     Time % Phy DF OF 
 1 Jordan Staal             Jason Pominville         50     1   2  2  
 2 Jason Spezza             Matt Read                50     1   2  2  

4 vs 4 Defense
   Defense                  Defense                  Time % Phy DF OF 
 1 Brian Campbell           Justin Faulk             50     1   2  2  
 2 TJ Brodie                Chris Phillips           50     1   2  2  

Last Minutes Offensive
   Center                   Left Wing                Right Wing               Defense                  Defense                  
   Jason Spezza             Matt Read                Jason Pominville         Brian Campbell           Justin Faulk             

Last Minutes Defensive
   Center                   Left Wing                Right Wing               Defense                  Defense                  
   Jordan Staal             Matt Cooke               Michael Frolik           TJ Brodie                Jacob Trouba             

Goaltenders
Starting : Mike Smith               
Backup : Al Montoya               

Extra Forwards
Normal : Mikael Backlund, Matt Cooke, Joe Colborne - PP : Mikael Backlund, Joe Colborne - PK : Nick Spaling
Extra Defensemen
Normal : Barret Jackman, Chris Phillips, TJ Brodie - PP : Chris Phillips - PK : TJ Brodie, Brian Campbell
Penalty Shots
Matt Read, Jason Pominville, Jason Spezza, Joe Colborne, Scottie Upshall

% Time on Ice - Bruins

Lines # - Real PCT - Wanted PCT - Time Play
Normal Forward
1 - 33% - 40% - 17:11
2 - 31% - 30% - 16:07
3 - 19% - 20% - 10:04
4 - 16% - 10% - 8:21
Normal Defense
1 - 38% - 40% - 19:43
2 - 34% - 35% - 17:35
3 - 22% - 20% - 11:09
4 - 6% - 5% - 3:16
PP Forward
1 - 60% - 60% - 2:22
2 - 40% - 40% - 1:36
PP Defense
1 - 99% - 60% - 3:56
2 - 1% - 40% - 0:02
PK Forward
1 - 89% - 60% - 3:51
2 - 11% - 40% - 0:28
PK Defense
1 - 64% - 50% - 2:45
2 - 36% - 50% - 1:34
PK3 Forward
1 - 0% - 60%
2 - 0% - 40%
PK3 Defense
1 - 0% - 55%
2 - 0% - 45%
44 Forward
1 - 76% - 60% - 3:49
2 - 24% - 40% - 1:11
44 Defense
1 - 65% - 60% - 3:15
2 - 35% - 40% - 1:45
Last Minute Offensive  - 0:00
Last Minute Defensive  - 0:00
Total
Forward - 65:00
Defense - 65:00

% Time on Ice - Flames

Lines # - Real PCT - Wanted PCT - Time Play
Normal Forward
1 - 29% - 30% - 14:51
2 - 26% - 25% - 13:20
3 - 24% - 25% - 12:38
4 - 21% - 20% - 10:54
Normal Defense
1 - 34% - 36% - 17:32
2 - 31% - 30% - 15:51
3 - 29% - 26% - 15:00
4 - 6% - 8% - 3:20
PP Forward
1 - 46% - 50% - 2:00
2 - 54% - 50% - 2:19
PP Defense
1 - 53% - 50% - 2:18
2 - 47% - 50% - 2:01
PK Forward
1 - 50% - 50% - 2:00
2 - 50% - 50% - 1:58
PK Defense
1 - 64% - 50% - 2:32
2 - 36% - 50% - 1:26
PK3 Forward
1 - 0% - 50%
2 - 0% - 50%
PK3 Defense
1 - 0% - 50%
2 - 0% - 50%
44 Forward
1 - 51% - 50% - 2:33
2 - 49% - 50% - 2:27
44 Defense
1 - 52% - 50% - 2:37
2 - 48% - 50% - 2:23
Last Minute Offensive  - 0:00
Last Minute Defensive  - 0:00
Total
Forward - 65:00
Defense - 65:00

Play by Play

1st period


0:01 of 1st period - Anze Kopitar wins face-off versus Jason Spezza in neutral zone.
2:08 of 1st period - Jonas Brodin is hit by Chris Phillips and loses puck.
3:11 of 1st period - Brian Campbell is hit by Radko Gudas and loses puck.
4:59 of 1st period - Wrist shot by Ryan O'Reilly.
4:59 of 1st period - Stopped by Mike Smith with a rebound.
5:01 of 1st period - Slapshot by Shea Weber.
5:01 of 1st period - Deflect By Jacob Trouba.
5:01 of 1st period - Goal by Shea Weber - Bruins : 1 - Flames : 0.
5:02 of 1st period - Mikael Backlund wins face-off versus Anze Kopitar in neutral zone.
5:49 of 1st period - Matt Cooke is hit by Paul Stastny and loses puck.
6:47 of 1st period - Scottie Upshall is hit by Ryan Smyth and loses puck.
6:54 of 1st period - Shea Weber is hit by Scottie Upshall and loses puck.
7:24 of 1st period - Off-side.
7:25 of 1st period - Anze Kopitar wins face-off versus Aleksander Barkov in neutral zone.
7:40 of 1st period - Snap shot by Manny Malhotra.
7:40 of 1st period - Stopped by Jonathan Quick with a rebound.
9:04 of 1st period - Backhand shot by Jason Spezza.
9:04 of 1st period - Shot Misses the Net.
9:06 of 1st period - Slapshot by Scottie Upshall.
9:06 of 1st period - Shot Blocked by Jonas Brodin.
9:08 of 1st period - Slapshot by Jacob Trouba.
9:08 of 1st period - Stopped by Jonathan Quick with a rebound.
9:16 of 1st period - Jonas Brodin is hit by Scottie Upshall and loses puck.
11:08 of 1st period - Icing by Jordan Staal.
11:09 of 1st period - Michael Frolik wins face-off versus Paul Stastny in Flames zone.
11:23 of 1st period - Wrist shot by T.J. Oshie.
11:23 of 1st period - Deflect By Ryan O'Reilly.
11:23 of 1st period - Shot Misses the Net.
11:23 of 1st period - Puck is out of play.
11:24 of 1st period - Jason Spezza wins face-off versus Paul Stastny in Flames zone.
12:01 of 1st period - Slapshot by Jonas Brodin.
12:01 of 1st period - Deflect By Chris Phillips.
12:01 of 1st period - Stopped by Mike Smith without a rebound.
12:02 of 1st period - Aleksander Barkov wins face-off versus Zemgus Girgensons in Flames zone.
12:02 of 1st period - Aleksander Barkov is hit by Jonas Brodin.
14:01 of 1st period - Jeff Petry is hit by Chris Phillips.
14:30 of 1st period - Slapshot by Brian Campbell.
14:30 of 1st period - Shot Misses the Net.
14:34 of 1st period - Snap shot by Jordan Staal.
14:34 of 1st period - Deflect By Michael Frolik.
14:34 of 1st period - Stopped by Jonathan Quick without a rebound.
14:35 of 1st period - Jordan Staal wins face-off versus Paul Stastny in Bruins zone.
14:56 of 1st period - Ryan O'Reilly is hit by Justin Faulk and loses puck.
15:11 of 1st period - Icing by Jordan Staal.
15:12 of 1st period - Jordan Staal wins face-off versus Zemgus Girgensons in Flames zone.
15:30 of 1st period - Snap shot by Zemgus Girgensons.
15:30 of 1st period - Shot Blocked by Jacob Trouba.
16:40 of 1st period - Snap shot by Scottie Upshall.
16:40 of 1st period - Shot Misses the Net.
16:42 of 1st period - Slapshot by Barret Jackman.
16:42 of 1st period - Stopped by Jonathan Quick without a rebound.
16:43 of 1st period - Aleksander Barkov wins face-off versus Paul Stastny in Bruins zone.
17:23 of 1st period - Wrist shot by Ryan Smyth.
17:23 of 1st period - Shot Misses the Net.
17:33 of 1st period - Justin Faulk is hit by Brenden Dillon and loses puck.
18:06 of 1st period - Snap shot by Mikael Backlund.
18:06 of 1st period - Shot Misses the Net.
18:32 of 1st period - Snap shot by Nick Spaling.
18:32 of 1st period - Stopped by Jonathan Quick without a rebound.
18:33 of 1st period - Paul Stastny wins face-off versus Jason Spezza in Bruins zone.
18:33 of 1st period - Paul Stastny is hit by Jason Spezza.
18:43 of 1st period - Wrist shot by Paul Stastny.
18:43 of 1st period - Deflect By T.J. Oshie.
18:43 of 1st period - Stopped by Mike Smith with a rebound.
18:45 of 1st period - Slapshot by Radko Gudas.
18:45 of 1st period - Shot Blocked by Jacob Trouba.
18:47 of 1st period - Slapshot by Andre Benoit.
18:47 of 1st period - Shot Misses the Net.
18:49 of 1st period - Slapshot by Radko Gudas.
18:49 of 1st period - Stopped by Mike Smith with a rebound.
19:29 of 1st period - Minor Penalty to Scottie Upshall for Interference.
19:30 of 1st period - Mikael Backlund wins face-off versus Anze Kopitar in Flames zone.
Goals for this period are 1 for Bruins vs 0 for Flames.
Shots for this period are 5 for Bruins vs 5 for Flames.

2nd period


0:01 of 2nd period - Manny Malhotra wins face-off versus Anze Kopitar in neutral zone.
0:04 of 2nd period - Slapshot by Jacob Trouba.
0:04 of 2nd period - Shot Misses the Net.
0:52 of 2nd period - Jacob Trouba is hit by Shea Weber.
1:26 of 2nd period - Wrist shot by Nick Spaling.
1:26 of 2nd period - Goal by Nick Spaling - Bruins : 1 - Flames : 1.
1:27 of 2nd period - Anze Kopitar wins face-off versus Manny Malhotra in neutral zone.
1:29 of 2nd period - Penalty to Scottie Upshall is over, Scottie Upshall is back on ice.
1:35 of 2nd period - Snap shot by Shea Weber.
1:35 of 2nd period - Stopped by Mike Smith with a rebound.
1:37 of 2nd period - Snap shot by Matt Duchene.
1:37 of 2nd period - Shot Blocked by Chris Phillips.
1:39 of 2nd period - Snap shot by Ryan O'Reilly.
1:39 of 2nd period - Stopped by Mike Smith with a rebound.
1:41 of 2nd period - Slapshot by Shea Weber.
1:41 of 2nd period - Shot Blocked by Nick Spaling.
1:45 of 2nd period - Wrist shot by Valeri Nichushkin.
1:45 of 2nd period - Stopped by Mike Smith with a rebound.
1:47 of 2nd period - Snap shot by Ryan O'Reilly.
1:47 of 2nd period - Shot Misses the Net.
1:49 of 2nd period - Slapshot by Matt Duchene.
1:49 of 2nd period - Shot Misses the Net.
1:51 of 2nd period - Slapshot by Brenden Dillon.
1:51 of 2nd period - Deflect By Ryan O'Reilly.
1:51 of 2nd period - Shot Misses the Net.
1:51 of 2nd period - Puck is out of play.
1:52 of 2nd period - Jordan Staal wins face-off versus Zemgus Girgensons in Flames zone.
2:11 of 2nd period - Brenden Dillon is hit by Michael Frolik and loses puck.
2:28 of 2nd period - Snap shot by Tommy Wingels.
2:28 of 2nd period - Shot Blocked by Jacob Trouba.
2:44 of 2nd period - Wrist shot by Jason Pominville.
2:44 of 2nd period - Shot Blocked by Brenden Dillon.
3:03 of 2nd period - Scottie Upshall is hit by Matt Duchene and loses puck.
3:16 of 2nd period - Barret Jackman is hit by Marian Hossa and loses puck.
4:33 of 2nd period - Snap shot by Nick Spaling.
4:33 of 2nd period - Shot Misses the Net.
4:35 of 2nd period - Snap shot by Nick Spaling.
4:35 of 2nd period - Stopped by Jonathan Quick with a rebound.
4:37 of 2nd period - Slapshot by Nick Spaling.
4:37 of 2nd period - Shot Blocked by Shea Weber.
5:52 of 2nd period - Slapshot by Brian Campbell.
5:52 of 2nd period - Stopped by Jonathan Quick without a rebound.
5:53 of 2nd period - Jordan Staal wins face-off versus Zemgus Girgensons in Bruins zone.
6:01 of 2nd period - Snap shot by Jordan Staal.
6:01 of 2nd period - Shot Misses the Net.
6:03 of 2nd period - Snap shot by Jordan Staal.
6:03 of 2nd period - Shot Misses the Net.
6:05 of 2nd period - Slapshot by Brian Campbell.
6:05 of 2nd period - Deflect By Michael Frolik.
6:05 of 2nd period - Deflect By Zemgus Girgensons.
6:05 of 2nd period - Stopped by Jonathan Quick with a rebound.
6:11 of 2nd period - Jordan Staal is hit by Zemgus Girgensons and loses puck.
6:26 of 2nd period - Minor Penalty to Brenden Dillon for Slashing.
6:27 of 2nd period - Zemgus Girgensons wins face-off versus Jordan Staal in Bruins zone.
6:44 of 2nd period - Wrist shot by Matt Read.
6:44 of 2nd period - Stopped by Jonathan Quick without a rebound.
6:45 of 2nd period - Jordan Staal wins face-off versus Zemgus Girgensons in Bruins zone.
7:46 of 2nd period - Zemgus Girgensons is hit by Jordan Staal.
7:50 of 2nd period - Matt Read is hit by Paul Stastny and loses puck.
8:11 of 2nd period - Slapshot by Scottie Upshall.
8:11 of 2nd period - Stopped by Jonathan Quick without a rebound.
8:12 of 2nd period - Jason Spezza wins face-off versus Ryan O'Reilly in Bruins zone.
8:26 of 2nd period - Penalty to Brenden Dillon is over, Brenden Dillon is back on ice.
8:53 of 2nd period - Wrist shot by Nick Spaling.
8:53 of 2nd period - Shot Misses the Net.
9:03 of 2nd period - Wrist shot by Mikael Backlund.
9:03 of 2nd period - Stopped by Jonathan Quick without a rebound.
9:04 of 2nd period - Aleksander Barkov wins face-off versus Paul Stastny in Bruins zone.
9:05 of 2nd period - Snap shot by Jacob Trouba.
9:05 of 2nd period - Stopped by Jonathan Quick with a rebound.
9:36 of 2nd period - Wrist shot by Aleksander Barkov.
9:36 of 2nd period - Shot Misses the Net.
9:42 of 2nd period - Manny Malhotra is hit by Paul Stastny and loses puck.
9:55 of 2nd period - Wrist shot by Valeri Nichushkin.
9:55 of 2nd period - Stopped by Mike Smith with a rebound.
9:57 of 2nd period - Slapshot by Jonas Brodin.
9:57 of 2nd period - Stopped by Mike Smith without a rebound.
9:58 of 2nd period - Jesse Winchester wins face-off versus Mikael Backlund in Flames zone.
10:15 of 2nd period - Snap shot by Valeri Nichushkin.
10:15 of 2nd period - Stopped by Mike Smith without a rebound.
10:16 of 2nd period - Mikael Backlund wins face-off versus Anze Kopitar in Flames zone.
10:16 of 2nd period - Mikael Backlund is hit by Marian Hossa.
10:24 of 2nd period - Slapshot by Brian Campbell.
10:24 of 2nd period - Stopped by Jonathan Quick with a rebound.
10:34 of 2nd period - Snap shot by Anze Kopitar.
10:34 of 2nd period - Shot Misses the Net.
11:10 of 2nd period - Off-side.
11:11 of 2nd period - Scottie Upshall wins face-off versus Paul Stastny in neutral zone.
11:14 of 2nd period - Slapshot by Jacob Trouba.
11:14 of 2nd period - Stopped by Jonathan Quick with a rebound.
11:34 of 2nd period - Wrist shot by Ryan O'Reilly.
11:34 of 2nd period - Deflect By T.J. Oshie.
11:34 of 2nd period - Stopped by Mike Smith with a rebound.
11:36 of 2nd period - Slapshot by Andre Benoit.
11:36 of 2nd period - Shot Blocked by TJ Brodie.
12:26 of 2nd period - Snap shot by Michael Frolik.
12:26 of 2nd period - Shot Misses the Net.
12:28 of 2nd period - Snap shot by Michael Frolik.
12:28 of 2nd period - Stopped by Jonathan Quick without a rebound.
12:29 of 2nd period - Anze Kopitar wins face-off versus Aleksander Barkov in Bruins zone.
12:39 of 2nd period - Minor Penalty to Marian Hossa for Holding.
12:40 of 2nd period - Jason Spezza wins face-off versus Zemgus Girgensons in Bruins zone.
13:38 of 2nd period - Matt Read is hit by Radko Gudas and loses puck.
13:54 of 2nd period - Justin Faulk is hit by Jesse Winchester and loses puck.
14:17 of 2nd period - Jacob Trouba is hit by Jeff Petry and loses puck.
14:39 of 2nd period - Penalty to Marian Hossa is over, Marian Hossa is back on ice.
14:48 of 2nd period - Snap shot by Marian Hossa.
14:48 of 2nd period - Stopped by Mike Smith with a rebound.
14:50 of 2nd period - Slapshot by Brenden Dillon.
14:50 of 2nd period - Shot Blocked by TJ Brodie.
14:52 of 2nd period - Wrist shot by Ryan Smyth.
14:52 of 2nd period - Stopped by Mike Smith with a rebound.
15:00 of 2nd period - Snap shot by Marian Hossa.
15:00 of 2nd period - Stopped by Mike Smith with a rebound.
15:02 of 2nd period - Snap shot by Marian Hossa.
15:02 of 2nd period - Shot Misses the Net.
15:24 of 2nd period - Snap shot by T.J. Oshie.
15:24 of 2nd period - Stopped by Mike Smith with a rebound.
16:18 of 2nd period - Matt Duchene is hit by Jacob Trouba and loses puck.
16:57 of 2nd period - Snap shot by Mikael Backlund.
16:57 of 2nd period - Stopped by Jonathan Quick without a rebound.
16:58 of 2nd period - Paul Stastny wins face-off versus Jason Spezza in Bruins zone.
17:05 of 2nd period - Wrist shot by T.J. Oshie.
17:05 of 2nd period - Shot Blocked by Jason Pominville.
17:55 of 2nd period - Barret Jackman is hit by Radko Gudas and loses puck.
18:28 of 2nd period - Minor Penalty to Barret Jackman for Charging.
18:29 of 2nd period - Mikael Backlund wins face-off versus Ryan O'Reilly in Flames zone.
18:36 of 2nd period - Slapshot by Justin Faulk.
18:36 of 2nd period - Stopped by Jonathan Quick without a rebound.
18:37 of 2nd period - Anze Kopitar wins face-off versus Mikael Backlund in Bruins zone.
19:29 of 2nd period - Mikael Backlund is hit by Shea Weber and loses puck.
Goals for this period are 0 for Bruins vs 1 for Flames.
Shots for this period are 11 for Bruins vs 13 for Flames.

3rd period


0:01 of 3rd period - Manny Malhotra wins face-off versus Anze Kopitar in neutral zone.
0:28 of 3rd period - Penalty to Barret Jackman is over, Barret Jackman is back on ice.
0:30 of 3rd period - Snap shot by Matt Duchene.
0:30 of 3rd period - Shot Blocked by Mikael Backlund.
0:40 of 3rd period - Slapshot by Jacob Trouba.
0:40 of 3rd period - Deflect By Shea Weber.
0:40 of 3rd period - Stopped by Jonathan Quick with a rebound.
0:42 of 3rd period - Slapshot by Matt Cooke.
0:42 of 3rd period - Shot Blocked by Nick Holden.
0:44 of 3rd period - Wrist shot by Jacob Trouba.
0:44 of 3rd period - Shot Blocked by Nick Holden.
0:46 of 3rd period - Snap shot by Mikael Backlund.
0:46 of 3rd period - Shot Misses the Net.
0:48 of 3rd period - Wrist shot by Barret Jackman.
0:48 of 3rd period - Shot Blocked by Nick Holden.
0:50 of 3rd period - Wrist shot by TJ Brodie.
0:50 of 3rd period - Stopped by Jonathan Quick without a rebound.
0:51 of 3rd period - Jason Spezza wins face-off versus Zemgus Girgensons in Bruins zone.
1:26 of 3rd period - Snap shot by Tommy Wingels.
1:26 of 3rd period - Shot Misses the Net.
1:44 of 3rd period - Justin Faulk is hit by T.J. Oshie.
2:17 of 3rd period - Anze Kopitar is hit by Mikael Backlund and loses puck.
2:24 of 3rd period - Snap shot by Mikael Backlund.
2:24 of 3rd period - Deflect By Matt Cooke.
2:24 of 3rd period - Shot Misses the Net.
2:24 of 3rd period - Puck is out of play.
2:25 of 3rd period - Matt Duchene wins face-off versus Mikael Backlund in Bruins zone.
3:08 of 3rd period - Mikael Backlund is hit by Anze Kopitar and loses puck.
3:25 of 3rd period - Barret Jackman is hit by Shea Weber and loses puck.
3:30 of 3rd period - Snap shot by Ryan Smyth.
3:30 of 3rd period - Shot Blocked by Chris Phillips.
3:44 of 3rd period - Wrist shot by Zemgus Girgensons.
3:44 of 3rd period - Stopped by Mike Smith with a rebound.
3:46 of 3rd period - Snap shot by Zemgus Girgensons.
3:46 of 3rd period - Shot Misses the Net.
3:48 of 3rd period - Slapshot by Brenden Dillon.
3:48 of 3rd period - Shot Blocked by Jason Spezza.
4:46 of 3rd period - Wrist shot by Tommy Wingels.
4:46 of 3rd period - Stopped by Mike Smith with a rebound.
4:48 of 3rd period - Wrist shot by Jesse Winchester.
4:48 of 3rd period - Shot Misses the Net.
4:50 of 3rd period - Slapshot by Radko Gudas.
4:50 of 3rd period - Deflect By Brian Campbell.
4:50 of 3rd period - Stopped by Mike Smith with a rebound.
4:52 of 3rd period - Slapshot by Nick Holden.
4:52 of 3rd period - Shot Blocked by Justin Faulk.
4:54 of 3rd period - Slapshot by Radko Gudas.
4:54 of 3rd period - Stopped by Mike Smith with a rebound.
5:25 of 3rd period - Snap shot by Matt Read.
5:25 of 3rd period - Stopped by Jonathan Quick with a rebound.
5:27 of 3rd period - Wrist shot by Matt Read.
5:27 of 3rd period - Deflect By Michael Frolik.
5:27 of 3rd period - Stopped by Jonathan Quick with a rebound.
5:29 of 3rd period - Slapshot by TJ Brodie.
5:29 of 3rd period - Deflect By Jordan Staal.
5:29 of 3rd period - Stopped by Jonathan Quick with a rebound.
5:31 of 3rd period - Snap shot by TJ Brodie.
5:31 of 3rd period - Stopped by Jonathan Quick with a rebound.
5:33 of 3rd period - Wrist shot by Jacob Trouba.
5:33 of 3rd period - Stopped by Jonathan Quick without a rebound.
5:34 of 3rd period - Paul Stastny wins face-off versus Jordan Staal in Bruins zone.
6:21 of 3rd period - Wrist shot by Mikael Backlund.
6:21 of 3rd period - Deflect By Nick Spaling.
6:21 of 3rd period - Stopped by Jonathan Quick with a rebound.
6:23 of 3rd period - Snap shot by Matt Cooke.
6:23 of 3rd period - Shot Blocked by Jeff Petry.
7:05 of 3rd period - Snap shot by Ryan Smyth.
7:05 of 3rd period - Shot Blocked by Chris Phillips.
7:18 of 3rd period - Off-side.
7:19 of 3rd period - Jason Spezza wins face-off versus Jesse Winchester in neutral zone.
7:24 of 3rd period - Andre Benoit is hit by Scottie Upshall.
7:40 of 3rd period - Snap shot by Jason Spezza.
7:40 of 3rd period - Shot Misses the Net.
8:14 of 3rd period - Matt Read is hit by Radko Gudas and loses puck.
8:31 of 3rd period - Snap shot by Matt Read.
8:31 of 3rd period - Shot Misses the Net.
8:33 of 3rd period - Snap shot by Michael Frolik.
8:33 of 3rd period - Shot Misses the Net.
9:15 of 3rd period - Wrist shot by Matt Cooke.
9:15 of 3rd period - Shot Blocked by Marian Hossa.
9:53 of 3rd period - Wrist shot by Valeri Nichushkin.
9:53 of 3rd period - Stopped by Mike Smith with a rebound.
9:55 of 3rd period - Slapshot by Ryan Smyth.
9:55 of 3rd period - Shot Blocked by Barret Jackman.
9:57 of 3rd period - Slapshot by Nick Holden.
9:57 of 3rd period - Shot Blocked by Joe Colborne.
10:07 of 3rd period - Slapshot by Paul Stastny.
10:07 of 3rd period - Stopped by Mike Smith with a rebound.
10:09 of 3rd period - Slapshot by T.J. Oshie.
10:09 of 3rd period - Shot Blocked by Manny Malhotra.
10:11 of 3rd period - Wrist shot by T.J. Oshie.
10:11 of 3rd period - Shot Misses the Net.
10:13 of 3rd period - Snap shot by Radko Gudas.
10:13 of 3rd period - Shot Blocked by Barret Jackman.
10:15 of 3rd period - Wrist shot by T.J. Oshie.
10:15 of 3rd period - Deflect By Ryan O'Reilly.
10:15 of 3rd period - Shot Blocked by Aleksander Barkov.
10:15 of 3rd period - Puck is out of play.
10:16 of 3rd period - Paul Stastny wins face-off versus Jason Spezza in Flames zone.
10:26 of 3rd period - Icing by Jason Spezza.
10:27 of 3rd period - Jason Spezza wins face-off versus Marian Hossa in Flames zone.
10:33 of 3rd period - Snap shot by Brian Campbell.
10:33 of 3rd period - Stopped by Jonathan Quick without a rebound.
10:34 of 3rd period - Anze Kopitar wins face-off versus Scottie Upshall in Bruins zone.
11:03 of 3rd period - Anze Kopitar is hit by Justin Faulk and loses puck.
11:24 of 3rd period - Snap shot by Brian Campbell.
11:24 of 3rd period - Stopped by Jonathan Quick without a rebound.
11:25 of 3rd period - Paul Stastny wins face-off versus Mikael Backlund in Bruins zone.
11:32 of 3rd period - Slapshot by Ryan O'Reilly.
11:32 of 3rd period - Shot Misses the Net.
12:18 of 3rd period - Jonas Brodin is hit by Jordan Staal and loses puck.
12:31 of 3rd period - Snap shot by Ryan Smyth.
12:31 of 3rd period - Shot Blocked by TJ Brodie.
12:33 of 3rd period - Slapshot by Andre Benoit.
12:33 of 3rd period - Shot Misses the Net.
12:41 of 3rd period - Wrist shot by Ryan Smyth.
12:41 of 3rd period - Stopped by Mike Smith with a rebound.
12:57 of 3rd period - Wrist shot by Tommy Wingels.
12:57 of 3rd period - Shot Misses the Net.
12:59 of 3rd period - Snap shot by Radko Gudas.
12:59 of 3rd period - Shot Misses the Net.
13:01 of 3rd period - Slapshot by Andre Benoit.
13:01 of 3rd period - Stopped by Mike Smith with a rebound.
13:53 of 3rd period - Slapshot by Jason Spezza.
13:53 of 3rd period - Shot Misses the Net.
13:55 of 3rd period - Wrist shot by Jason Pominville.
13:55 of 3rd period - Shot Blocked by Shea Weber.
14:14 of 3rd period - Icing by Paul Stastny.
14:15 of 3rd period - Aleksander Barkov wins face-off versus Paul Stastny in Bruins zone.
14:33 of 3rd period - Off-side.
14:34 of 3rd period - Mikael Backlund wins face-off versus Jesse Winchester in neutral zone.
14:54 of 3rd period - Snap shot by Mikael Backlund.
14:54 of 3rd period - Stopped by Jonathan Quick with a rebound.
15:49 of 3rd period - Icing by Jonas Brodin.
15:50 of 3rd period - Jesse Winchester wins face-off versus Jason Spezza in Bruins zone.
16:02 of 3rd period - Off-side.
16:03 of 3rd period - Scottie Upshall wins face-off versus Anze Kopitar in neutral zone.
16:16 of 3rd period - Snap shot by Jason Spezza.
16:16 of 3rd period - Shot Hit the Post.
16:21 of 3rd period - Minor Penalty to Shea Weber for Hooking.
16:22 of 3rd period - Jordan Staal wins face-off versus Zemgus Girgensons in Bruins zone.
16:40 of 3rd period - Wrist shot by Matt Read.
16:40 of 3rd period - Shot Misses the Net.
16:42 of 3rd period - Slapshot by TJ Brodie.
16:42 of 3rd period - Goal by TJ Brodie - Bruins : 1 - Flames : 2.
16:43 of 3rd period - Mikael Backlund wins face-off versus Anze Kopitar in neutral zone.
17:06 of 3rd period - Snap shot by Matt Duchene.
17:06 of 3rd period - Shot Misses the Net.
17:08 of 3rd period - Slapshot by Jeff Petry.
17:08 of 3rd period - Shot Misses the Net.
17:10 of 3rd period - Slapshot by Shea Weber.
17:10 of 3rd period - Shot Misses the Net.
17:12 of 3rd period - Snap shot by Jeff Petry.
17:12 of 3rd period - Shot Blocked by Justin Faulk.
17:14 of 3rd period - Wrist shot by Marian Hossa.
17:14 of 3rd period - Goal by Marian Hossa - Bruins : 2 - Flames : 2.
17:15 of 3rd period - Jason Spezza wins face-off versus Paul Stastny in neutral zone.
17:32 of 3rd period - Jacob Trouba is hit by Ryan O'Reilly and loses puck.
18:09 of 3rd period - Mikael Backlund is hit by Marian Hossa and loses puck.
18:14 of 3rd period - Slapshot by Matt Duchene.
18:14 of 3rd period - Stopped by Mike Smith with a rebound.
18:16 of 3rd period - Slapshot by Brenden Dillon.
18:16 of 3rd period - Shot Misses the Net.
18:57 of 3rd period - Snap shot by Matt Read.
18:57 of 3rd period - Stopped by Jonathan Quick without a rebound.
18:58 of 3rd period - Jordan Staal wins face-off versus Zemgus Girgensons in Bruins zone.
18:59 of 3rd period - Snap shot by Matt Read.
18:59 of 3rd period - Stopped by Jonathan Quick with a rebound.
19:25 of 3rd period - Andre Benoit is hit by Matt Read and loses puck.
19:49 of 3rd period - Slapshot by Paul Stastny.
19:49 of 3rd period - Shot Misses the Net.
Goals for this period are 1 for Bruins vs 1 for Flames.
Shots for this period are 10 for Bruins vs 14 for Flames.

Overtime #1


0:01 of 1st overtime period - Jordan Staal wins face-off versus Anze Kopitar in neutral zone.
0:25 of 1st overtime period - Slapshot by Brian Campbell.
0:25 of 1st overtime period - Shot Blocked by Jeff Petry.
0:27 of 1st overtime period - Slapshot by Justin Faulk.
0:27 of 1st overtime period - Shot Misses the Net.
0:29 of 1st overtime period - Slapshot by Brian Campbell.
0:29 of 1st overtime period - Stopped by Jonathan Quick without a rebound.
0:30 of 1st overtime period - Jason Spezza wins face-off versus Anze Kopitar in Bruins zone.
0:47 of 1st overtime period - Wrist shot by Jason Spezza.
0:47 of 1st overtime period - Stopped by Jonathan Quick without a rebound.
0:48 of 1st overtime period - Jason Spezza wins face-off versus Anze Kopitar in Bruins zone.
2:36 of 1st overtime period - Jordan Staal is hit by Brenden Dillon and loses puck.
3:06 of 1st overtime period - Wrist shot by Jason Spezza.
3:06 of 1st overtime period - Stopped by Jonathan Quick with a rebound.
3:41 of 1st overtime period - Off-side.
3:42 of 1st overtime period - Jason Spezza wins face-off versus Valeri Nichushkin in neutral zone.
3:45 of 1st overtime period - Snap shot by Matt Read.
3:45 of 1st overtime period - Stopped by Jonathan Quick with a rebound.
4:34 of 1st overtime period - Snap shot by Anze Kopitar.
4:34 of 1st overtime period - Shot Blocked by Justin Faulk.
4:36 of 1st overtime period - Slapshot by Brenden Dillon.
4:36 of 1st overtime period - Shot Blocked by Matt Read.
4:38 of 1st overtime period - Snap shot by Anze Kopitar.
4:38 of 1st overtime period - Shot Blocked by Jason Spezza.
4:44 of 1st overtime period - Snap shot by Anze Kopitar.
4:44 of 1st overtime period - Stopped by Mike Smith without a rebound.
4:45 of 1st overtime period - Anze Kopitar wins face-off versus Jordan Staal in Flames zone.
Goals for this period are 0 for Bruins vs 0 for Flames.
Shots for this period are 1 for Bruins vs 4 for Flames.

ShootOut


5:00 of 1st overtime period - Penalty Shot by T.J. Oshie for Bruins.
5:00 of 1st overtime period - Wrist shot by T.J. Oshie.
5:00 of 1st overtime period - Stopped by Mike Smith.
5:00 of 1st overtime period - Penalty Shot by Matt Read for Flames.
5:00 of 1st overtime period - Snap shot by Matt Read.
5:00 of 1st overtime period - Stopped by Jonathan Quick.
5:00 of 1st overtime period - Penalty Shot by Ryan O'Reilly for Bruins.
5:00 of 1st overtime period - Deke by Ryan O'Reilly.
5:00 of 1st overtime period - Shot Misses the Net.
5:00 of 1st overtime period - Penalty Shot by Jason Pominville for Flames.
5:00 of 1st overtime period - Deke by Jason Pominville.
5:00 of 1st overtime period - Shot Misses the Net.
5:00 of 1st overtime period - Penalty Shot by Anze Kopitar for Bruins.
5:00 of 1st overtime period - Backhand shot by Anze Kopitar.
5:00 of 1st overtime period - Stopped by Mike Smith.
5:00 of 1st overtime period - Penalty Shot by Jason Spezza for Flames.
5:00 of 1st overtime period - Backhand shot by Jason Spezza.
5:00 of 1st overtime period - Stopped by Jonathan Quick.
5:00 of 1st overtime period - Penalty Shot by Matt Duchene for Bruins.
5:00 of 1st overtime period - Deke by Matt Duchene.
5:00 of 1st overtime period - Goal by Matt Duchene.
5:00 of 1st overtime period - Penalty Shot by Joe Colborne for Flames.
5:00 of 1st overtime period - Snap shot by Joe Colborne.
5:00 of 1st overtime period - Goal by Joe Colborne.
5:00 of 1st overtime period - Penalty Shot by Valeri Nichushkin for Bruins.
5:00 of 1st overtime period - Deke by Valeri Nichushkin.
5:00 of 1st overtime period - Stopped by Mike Smith.
5:00 of 1st overtime period - Penalty Shot by Scottie Upshall for Flames.
5:00 of 1st overtime period - Deke by Scottie Upshall.
5:00 of 1st overtime period - Shot Misses the Net.
5:00 of 1st overtime period - Penalty Shot by Ryan Smyth for Bruins.
5:00 of 1st overtime period - Wrist shot by Ryan Smyth.
5:00 of 1st overtime period - Stopped by Mike Smith.
5:00 of 1st overtime period - Penalty Shot by Barret Jackman for Flames.
5:00 of 1st overtime period - Deke by Barret Jackman.
5:00 of 1st overtime period - Shot Misses the Net.
5:00 of 1st overtime period - Penalty Shot by Jesse Winchester for Bruins.
5:00 of 1st overtime period - Snap shot by Jesse Winchester.
5:00 of 1st overtime period - Shot Misses the Net.
5:00 of 1st overtime period - Penalty Shot by Jacob Trouba for Flames.
5:00 of 1st overtime period - Wrist shot by Jacob Trouba.
5:00 of 1st overtime period - Goal by Jacob Trouba.


Output by the SimonT Hockey Simulator (STHS) for Eric Dolegowski -- Original Page W3C XHTML 1.0 Valid
Hockey Simulator - Hockey Simulation - Hockey Manager